 Dungeon Crawl Stone Soup version 0.20-a0-537-g052e6ba (webtiles) character file.

79 Alarkh the Chopper (level 4, -1/35 HPs)
             Began as a Demonspawn Monk on Jan 28, 2017.
             Slain by a worker ant (4 damage)
             ... on level 3 of the Dungeon.
             The game lasted 00:02:12 (2539 turns).

Alarkh the Chopper (Demonspawn Monk)                Turns: 2539, Time: 00:02:12

Health: -1/35      AC:  2    Str: 12    XL:     4   Next: 16%
Magic:  4/4        EV: 13    Int: 12    God:
Gold:   140        SH:  0    Dex: 17    Spells: 3/3 levels left

rFire    . . .     SeeInvis .   a - +0 hand axe
rCold    . . .     Gourm    .   b - +0 robe
rNeg     . . .     Faith    .   (no shield)
rPois    .         Spirit   .   (no helmet)
rElec    .         Reflect  .   (no cloak)
rCorr    .         Harm     .   (no gloves)
MR       .....                  (no boots)
Stlth    +++.......             (no amulet)
Regen    0.2/turn               (no ring)
                                (no ring)

@: lethally poisoned (-1 -> -3), very slightly contaminated, invisible
A: thin skeletal structure 1, powered by death 2
a: no special abilities


You were on level 3 of the Dungeon.
You were not hungry.

You visited 1 branch of the dungeon, and saw 3 of its levels.

You collected 140 gold pieces.

Inventory:

Hand Weapons
 a - a +0 hand axe (weapon)
Armour
 b - a +0 robe (worn)
Wands
 r - a wand of disintegration (7/24)
Scrolls
 d - 2 scrolls of remove curse {unknown}
 e - a scroll of enchant armour {unknown}
 i - 3 scrolls of identify {unknown}
 k - a scroll of recharging {unknown}
 m - a scroll of immolation {unknown}
 p - a scroll of fear {unknown}
 s - 2 scrolls of amnesia {unknown}
 u - a scroll of fog {unknown}
Potions
 l - a potion of might {unknown}
 n - a potion of berserk rage {unknown}
 q - a potion of flight {unknown}
 t - a potion of heal wounds {unknown}
Comestibles
 c - 5 bread rations
 f - 11 fruits
 g - a chunk of flesh
 h - 2 royal jellies
 j - a meat ration


   Skills:
 - Level 3.0 Fighting
 + Level 4.5 Axes
 - Level 2.6 Dodging
 - Level 1.7 Stealth


You had 3 spell levels left.
You didn't know any spells.

Dungeon Overview and Level Annotations

Branches:
Dungeon (3/15)

Altars:


Innate Abilities, Weirdness & Mutations

You have a somewhat thin skeletal structure. (Dex +2, Stealth)
You regenerate health from kills.


Message History

It was a potion of invisibility.
You fade into invisibility!
You feel sick. The worker ant barely misses you.
You are very lightly contaminated with residual magic.
You catch the helpless worker ant completely off-guard!
You hit the worker ant but do no damage.
The worker ant misses you.
You catch the helpless worker ant completely off-guard!
You hit the worker ant.
The worker ant is lightly wounded.
You feel sick. The worker ant closely misses you. x2
You closely miss the worker ant.
The worker ant is lightly wounded.
You feel sick. The worker ant barely misses you.
You hit the worker ant but do no damage.
The worker ant is lightly wounded.
The worker ant bites you.
* * * LOW HITPOINT WARNING * * *
The worker ant bites you.
You die...

#.......#
#####################........
.####...................'........
........................#........
..###.################..#........
+..>....%.#......"....########.
#########.#...........# #.
#.............# ##
##....@a......# #..........[.#
##.......$..[# #..#######.. ##.#
. #.. ##+#


You could see a worker ant.

Vanquished Creatures
  3 worms
  3 dart slugs
  A leopard gecko (D:1)
  A ball python (D:2)
  7 bats
  6 giant cockroaches
  9 goblins
  9 hobgoblins
  2 jackals (D:1)
  3 kobolds
  2 quokkas (D:3)
  3 frilled lizards
  6 rats
55 creatures vanquished.

Notes
Turn   | Place    | Note
-------+----------+-------------------------------------------
     0 | D:1      | Alarkh the Demonspawn Monk began the quest for the Orb.
     0 | D:1      | Reached XP level 1. HP: 18/18 MP: 1/1
   310 | D:1      | Reached skill level 3 in Axes
   337 | D:1      | Gained mutation: You regenerate a little health from kills. [demonic ancestry]
   337 | D:1      | Reached XP level 2. HP: 23/24 MP: 2/2
   945 | D:1      | Gained mutation: You regenerate health from kills. [demonic ancestry]
   945 | D:1      | Reached XP level 3. HP: 29/29 MP: 3/3
  1220 | D:2      | Reached skill level 4 in Axes
  2021 | D:3      | Gained mutation: You have a somewhat thin skeletal structure. (Dex +2, Stealth) [demonic ancestry]
  2021 | D:3      | Reached XP level 4. HP: 20/35 MP: 4/4
  2539 | D:3      | Slain by a worker ant

Vault maps used:
D:1:      lightli_arrival_flooded_house, serial_co_window_serial,
          co_window_paths_b, co_window_corner_a, co_window_paths_a,
          co_window_cross_1, co_window_paths_a, co_window_2corner,
          co_window_paths_c, co_window_corner_b, co_window_broadway_b,
          co_window_of_opportunity_c, co_window_of_opportunity_c,
          co_window_4corner_b, co_window_4corner_a, glass_columns_b,
          glass_columns_a, glass_columns_a, glass_columns_a, glass_columns_b,
          grunt_decor_fettered
D:2:      first_bread, serial_bayou_pond_a

Skill      XL: |  1  2  3 |
---------------+----------+-----
Axes           | 3 4 |  4.5
Fighting       | |  3.0
Dodging        | |  2.6
Stealth        | |  1.7

Action                   |  1- 3 |  4- 6 || total
-------------------------+-------+-------++-------
Melee: Hand axe          |   178 |    38 ||   216
  Use: Potion            |     1 |     1 ||     2
 Stab: Sleeping          |    13 |     3 ||    16
       Invisible         |       |     2 ||     2
  Eat: Chunk             |     4 |     1 ||     5
Armor: Robe              |    35 |     3 ||    38
Dodge: Dodged            |   124 |    15 ||   139
